 Dungeon Crawl Stone Soup version 0.28.0-45-g0d030f2227 (webtiles) character file.

Game seed: 6634832146508528591

1054 Ablot the Cutter (level 8, -3/67 HPs)
             Began as a Gnoll Chaos Knight on Apr 20, 2022.
             Was a Plaything of Xom.
             Slain by an orc priest
             ... wielding a +0 mace
              (4 damage)
             ... on level 6 of the Dungeon.
             The game lasted 00:07:12 (6150 turns).

Ablot the Cutter (Gnoll Chaos Knight)               Turns: 6150, Time: 00:07:13

Health: -3/67      AC:  5    Str: 14 (15) XL:     8   Next: 26%
Magic:  12/12      EV: 12    Int: 10 (11) God:    Xom [.*....]
Gold:   218        SH:  0    Dex: 11      Spells: 12/13 levels left

rFire   . . .      SeeInvis .   a - +0 short sword (chaos)
rCold   . . .      Faith    .   (no shield)
rNeg    . . .      Spirit   .   b - +2 leather armour
rPois   .          Reflect  .   (no helmet)
rElec   .          Harm     .   (no cloak)
rCorr   .          Rampage  .   (no gloves)
Will    +....                   (no boots)
Stlth   ++........              (no amulet)
HPRegen 0.21/turn               f - ring of willpower
MPRegen 0.13/turn               (no ring)

@: on berserk cooldown, slowed, very slow
A: fangs 1, strong nose, distributed training, deterioration 1
a: Renounce Religion


You were on level 6 of the Dungeon.
You worshipped Xom.
You were a plaything of Xom.
You visited 1 branch of the dungeon, and saw 6 of its levels.

You collected 280 gold pieces.
You spent 62 gold pieces at shops.

Inventory:

Hand Weapons
 a - a +0 short sword of chaos (weapon)
Missiles
 c - 92 bolts
 d - 170 stones (quivered)
 h - 21 arrows
 t - a throwing net
 v - 5 boomerangs
 B - 3 atropa-tipped darts
Armour
 b - a +2 leather armour (worn)
 j - a +0 pair of gloves
Jewellery
 f - a ring of willpower (left hand)
Wands
 n - a wand of polymorph (7)
 y - a wand of acid (2)
 z - a wand of flame (31)
Scrolls
 e - a scroll of enchant armour {unknown}
 k - a scroll of amnesia {unknown}
 l - a scroll of immolation {unknown}
 o - a scroll of magic mapping {unknown}
 s - a scroll of teleportation {unknown}
 x - a scroll of vulnerability {unknown}
 A - a scroll of acquirement {unknown}
Potions
 g - a potion of berserk rage
 i - 3 potions of flight
 m - 4 potions of curing
 q - a potion of attraction {unknown}
 r - a potion of mutation
 u - a potion of haste
 w - a potion of magic


   Skills:
 + Level 7.3 Fighting
 + Level 7.3 Short Blades
 + Level 3.1 Long Blades
 + Level 3.1 Axes
 + Level 3.1 Maces & Flails
 + Level 3.1 Polearms
 + Level 3.1 Staves
 + Level 3.1 Slings
 + Level 3.1 Bows
 + Level 3.1 Crossbows
 + Level 3.1 Throwing
 + Level 5.6 Armour
 + Level 4.1 Dodging
 + Level 3.1 Stealth
 + Level 3.1 Shields
 + Level 3.1 Unarmed Combat
 + Level 3.1 Spellcasting
 + Level 2.5 Conjurations
 + Level 2.5 Hexes
 + Level 2.5 Summonings
 + Level 2.5 Necromancy
 + Level 2.5 Translocations
 + Level 2.5 Transmutations
 + Level 2.5 Fire Magic
 + Level 2.5 Ice Magic
 + Level 2.5 Air Magic
 + Level 2.5 Earth Magic
 + Level 2.5 Poison Magic
 + Level 3.4 Invocations
 + Level 3.1 Evocations


You had 12 spell levels left.
You knew the following spells:

 Your Spells              Type           Power      Damage    Failure   Level
a - Apportation           Tloc           12%        N/A       12%         1

Your spell library contained the following spells:

 Spells                   Type           Power      Damage    Failure   Level
 Animate Skeleton         Necr           12%        N/A       12%         1
 Magic Dart               Conj           24%        1d4       12%         1
 Summon Small Mammal      Summ           24%        N/A       12%         1
 Call Imp                 Summ           6%         N/A       19%         2
 Corpse Rot               Necr/Air       12%        N/A       19%         2
 Poisonous Vapours        Pois/Air       12%        N/A       19%         2
 Mephitic Cloud           Conj/Pois/Air  6%         N/A       36%         3


Dungeon Overview and Level Annotations

Branches:
Dungeon (6/15)
 Temple: D:4-7

Altars:
Gozag
Kikubaaqudgha
Makhleb
Sif Muna
Uskayaw

Shops:
D:4 (   D:5 *

Annotations:
D:3 2 transporters, lysyklops's ghost, amateur DrCj


Innate Abilities, Weirdness & Mutations

You have very sharp teeth.
Your uncanny sense of smell can sniff out nearby items.
Your experience applies equally to all skills.
Your body sometimes deteriorates upon taking damage.


Message History

You kill the gnoll!
You closely miss the orc. You puncture the orc! You freeze the orc.
You kill the orc!
You barely miss the gnoll. You puncture the gnoll! You burn the gnoll.
You bite the gnoll.
You kill the gnoll! "Have a taste of chaos, mortal."
The gnoll shaman's +0 club erupts in a glittering mayhem of colour.
You are now a plaything of Xom.
The orc priest mumbles some strange prayers to Beogh against you.
Beogh smites you!
* * * LOW HITPOINT WARNING * * *
Unknown command.
You barely miss the orc.
You are too berserk!
You hit the orc. You burn the orc.
You kill the orc!
You puncture the gnoll shaman! You burn the gnoll shaman.
The gnoll shaman is almost dead.
You barely miss the gnoll shaman. You bite the gnoll shaman.
You kill the gnoll shaman!
You hit the orc priest. You drain the orc priest. You bite the orc priest!
You kill the orc priest!
You puncture the orc!
You kill the orc!
You puncture the gnoll!
You kill the gnoll!
Xom guffaws.
A chill wind blows around you.
Unknown command.
You feel a strong urge to attack something.
You are no longer berserk.
You are exhausted.
You feel yourself slow down.
You hit the orc priest but do no damage.
The orc priest goes berserk!
Xom thinks this is hilarious!
The orc priest barely misses you. The orc priest hits you with a +0 mace.
You die...

### #... .....
...._ .). ......
....########......
##......#...._..8
.....g.ยง.#@.......
.........o.Y......
.........#......._
.........#........
##########.......#
#########


You could see an orc priest (berserk, ally target) and a friendly ice beast
(summoned).

Vanquished Creatures
  2 yaks (D:6)
  A basilisk (D:6)
  A black bear (D:4)
  An ogre (D:4)
  A bullfrog skeleton (D:6)
  3 hounds
  An orc priest (D:6)
  A centaur skeleton (D:5)
  A gnoll shaman (D:6)
  2 orc wizards (D:4)
  A scorpion zombie (D:5)
  8 gnolls
  2 adders (D:4)
  A white imp (D:5)
  An ufetubus (D:4)
  An adder skeleton (D:4)
  2 worms
  4 dart slugs
  12 orcs
  4 endoplasms
  3 giant cockroaches
  5 goblins
  3 hobgoblins
  4 quokkas
  3 ball pythons
  3 bats
  4 frilled lizards
  4 kobolds
  4 rats
83 creatures vanquished.

Notes
Turn   | Place    | Note
-------+----------+-------------------------------------------
     0 | D:1      | Ablot the Gnoll Chaos Knight began the quest for the Orb.
     0 | D:1      | Reached XP level 1. HP: 23/23 MP: 1/1
    93 | D:1      | XOM: divination: magic mapping
   210 | D:1      | XOM: cloud trail
   325 | D:1      | Found a faded altar of an unknown god.
   449 | D:1      | Reached XP level 2. HP: 29/29 MP: 2/2
   796 | D:1      | XOM: silly message
  1045 | D:2      | XOM: silly message
  1157 | D:2      | XOM: silly message
  1366 | D:2      | XOM: silly message
  1375 | D:2      | Found an opulent altar of Gozag.
  1471 | D:2      | Reached XP level 3. HP: 31/35 MP: 3/3
  1687 | D:3      | Noticed lysyklops's ghost (amateur DrCj)
  1687 | D:3      | Noticed an ogre
  1688 | D:3      | Noticed an ogre
  1766 | D:3      | Found a transporter.
  1766 | D:3      | Found a transporter.
  1766 | D:3      | Noticed an ogre
  2010 | D:3      | Reached skill level 1 in Invocations
  2325 | D:3      | XOM is BORED!
  2325 | D:3      | XOM: silly message
  2497 | D:4      | Noticed an ogre
  2514 | D:4      | Killed an ogre
  2515 | D:4      | Reached skill level 1 in Long Blades
  2515 | D:4      | Reached skill level 1 in Axes
  2515 | D:4      | Reached skill level 1 in Maces & Flails
  2515 | D:4      | Reached skill level 1 in Polearms
  2515 | D:4      | Reached skill level 1 in Staves
  2515 | D:4      | Reached skill level 1 in Slings
  2515 | D:4      | Reached skill level 1 in Bows
  2515 | D:4      | Reached skill level 1 in Crossbows
  2515 | D:4      | Reached skill level 1 in Throwing
  2515 | D:4      | Reached skill level 1 in Stealth
  2515 | D:4      | Reached skill level 1 in Shields
  2515 | D:4      | Reached skill level 1 in Unarmed Combat
  2515 | D:4      | Reached skill level 1 in Spellcasting
  2515 | D:4      | Reached skill level 1 in Conjurations
  2515 | D:4      | Reached skill level 1 in Hexes
  2515 | D:4      | Reached skill level 1 in Summonings
  2515 | D:4      | Reached skill level 1 in Necromancy
  2515 | D:4      | Reached skill level 1 in Translocations
  2515 | D:4      | Reached skill level 1 in Transmutations
  2515 | D:4      | Reached skill level 1 in Fire Magic
  2515 | D:4      | Reached skill level 1 in Ice Magic
  2515 | D:4      | Reached skill level 1 in Air Magic
  2515 | D:4      | Reached skill level 1 in Earth Magic
  2515 | D:4      | Reached skill level 1 in Poison Magic
  2515 | D:4      | Reached skill level 1 in Evocations
  2515 | D:4      | Reached XP level 4. HP: 6/41 MP: 5/5
  2515 | D:4      | Reached XP level 5. HP: 7/47 MP: 6/6
  2945 | D:4      | XOM: summons 1 hostile shadow creature
  2960 | D:4      | HP: 1/47 [gnoll/+0 flail (5)]
  2962 | D:4      | XOM: silly message
  3288 | D:4      | XOM: potion effect (curing)
  3442 | D:4      | Found Bedall's Weapon Shoppe.
  3516 | D:4      | Found a hide-covered altar of Uskayaw.
  3582 | D:4      | Noticed a black bear
  3604 | D:4      | Killed a black bear
  3605 | D:4      | Reached skill level 5 in Armour
  3605 | D:4      | Reached XP level 6. HP: 41/53 MP: 7/9
  3657 | D:4      | XOM: noise
  4484 | D:4      | XOM: cloud trail
  4847 | D:5      | Entered Level 5 of the Dungeon
  4917 | D:5      | XOM: scenery: 2 doors open
  4999 | D:5      | XOM: scenery: 1 doors open
  5012 | D:5      | Reached XP level 7. HP: 52/59 MP: 10/10
  5234 | D:5      | Found Qanionk's Assorted Antiques.
  5243 | D:5      | Bought a smoky golden potion for 29 gold pieces
  5243 | D:5      | Bought a scroll labelled ECRITW NABIU for 33 gold pieces
  5517 | D:5      | XOM: divination: detect items
  5524 | D:5      | Learned a level 1 spell: Apportation
  5585 | D:5      | XOM: swap monsters
  5614 | D:5      | XOM: give mutation
  5614 | D:5      | Gained mutation: Your body sometimes deteriorates upon
                  | taking damage. [Xom's mischief]
  6037 | D:6      | Noticed a yak
  6037 | D:6      | Noticed a yak
  6040 | D:6      | Noticed a yak
  6045 | D:6      | XOM: draining
  6054 | D:6      | XOM: blink monster(s)
  6061 | D:6      | Noticed a basilisk
  6061 | D:6      | a yak changed into a basilisk
  6061 | D:6      | XOM: polymorph yak -> basilisk
  6068 | D:6      | XOM: enchant monster (bad)
  6078 | D:6      | XOM: butterfly on damage
  6083 | D:6      | Killed a yak
  6083 | D:6      | Killed a basilisk
  6090 | D:6      | XOM: confuse monster(s)
  6093 | D:6      | Killed a yak
  6094 | D:6      | Reached XP level 8. HP: 11/67 MP: 10/12
  6118 | D:6      | XOM: noise
  6122 | D:6      | XOM: 2-stop teleportation journey
  6125 | D:6      | XOM: blink monster(s)
  6126 | D:6      | Found an ancient bone altar of Kikubaaqudgha.
  6127 | D:6      | Found a burning altar of Makhleb.
  6127 | D:6      | Found a shimmering blue altar of Sif Muna.
  6127 | D:6      | HP: 2/67 [orc priest/divine providence (16)]
  6132 | D:6      | XOM: stat loss: -1 Int (10/11)
  6140 | D:6      | XOM: chaos upgrade
  6140 | D:6      | HP: 1/100 [orc priest/divine providence (14)]
  6147 | D:6      | XOM: cast spell 'Summon Ice Beast'
  6150 | D:6      | Slain by an orc priest

Illustrated notes

Levels and vault maps discovered:
D:1:      nzn_arrival_depleted_hourglass, layout_loops_ring,
          ebering_ecumenical_altar_mist, minmay_misc_feat_enclosed,
          chequers_avenue
D:2:      layout_rooms, basic_altar
D:3:      layout_basic, gammafunk_ghost_smash, kennysheep_cross_room,
          kennysheep_boxes
D:4:      layout_loops_corners, lemuel_doored_altar, serial_rivers,
          chequers_serial_rivers_marsh, chequers_serial_rivers_micro_b,
          chequers_serial_rivers_room_a, chequers_serial_rivers_micro_e,
          serial_shops, nicolae_shop_bloodbath_and_beyond,
          minmay_misc_feat_secret_circle
D:5:      layout_basic, serial_shops, nicolae_shop_stone
D:6:      layout_gridville, general_overflow_altar, grunt_temple_overflow_open,
          minivault_25

Skill      XL: |  1  2  3  4  5  6  7 |
---------------+----------------------+-----
Invocations    | 1 2 3 |  3.4
Long Blades    | 1 2 3 |  3.1
Axes           | 1 2 3 |  3.1
Maces & Flails | 1 2 3 |  3.1
Polearms       | 1 2 3 |  3.1
Staves         | 1 2 3 |  3.1
Slings         | 1 2 3 |  3.1
Bows           | 1 2 3 |  3.1
Crossbows      | 1 2 3 |  3.1
Throwing       | 1 2 3 |  3.1
Stealth        | 1 2 3 |  3.1
Shields        | 1 2 3 |  3.1
Unarmed Combat | 1 2 3 |  3.1
Spellcasting   | 1 2 3 |  3.1
Conjurations   | 1 2 |  2.5
Hexes          | 1 2 |  2.5
Summonings     | 1 2 |  2.5
Necromancy     | 1 2 |  2.5
Translocations | 1 2 |  2.5
Transmutations | 1 2 |  2.5
Fire Magic     | 1 2 |  2.5
Ice Magic      | 1 2 |  2.5
Air Magic      | 1 2 |  2.5
Earth Magic    | 1 2 |  2.5
Poison Magic   | 1 2 |  2.5
Evocations     | 1 2 3 |  3.1
Dodging        | 3 4 |  4.1
Armour         | 5 |  5.6
Fighting       | 7 |  7.3
Short Blades   | 7 |  7.3

Action                   |  1- 3 |  4- 6 |  7- 9 || total
-------------------------+-------+-------+-------++-------
Melee: Short sword       |    92 |   191 |    73 ||   356
       Bite              |     6 |    28 |    10 ||    44
       Punch             |     1 |     5 |       ||     6
Throw: Dart              |     5 |       |     6 ||    11
Evoke: Wand              |       |       |     1 ||     1
  Use: Scroll            |       |       |     6 ||     6
       Potion            |       |       |     2 ||     2
 Stab: Invisible         |     1 |       |       ||     1
       Sleeping          |     1 |       |     2 ||     3
       Petrified         |       |     1 |       ||     1
       Paralysed         |       |     1 |       ||     1
Armor: Leather armour    |    35 |    39 |     9 ||    83
Dodge: Dodged            |    39 |   101 |    28 ||   168
